 Dungeon Crawl Stone Soup version 0.31-a0-175-g9f7f995f2b (webtiles) character file.

Game seed: 13345362549084735566

736 qw the Shooter (level 7, -6/64 HPs)
             Began as a Naga Hunter on June 16, 2023.
             Mangled by an orc warrior
             ... wielding a +0 trident
              (11 damage)
             ... on level 6 of the Dungeon.
             The game lasted 00:01:18 (4418 turns).

qw the Shooter (Naga Hunter)                        Turns: 4418, Time: 00:01:19

Health: -6/64      AC:  3    Str: 13      XL:     7   Next: 74%
Magic:  7/7        EV:  9    Int:  9 (10) God:
Gold:   322        SH:  0    Dex: 13 (16) Spells: 6/6 levels left

rFire   + . .        Y - +1 shortbow
rCold   . . .        (shield currently unavailable)
rNeg    . . .        c - +0 leather armour
rPois   +            (no helmet)
rElec   .            (no cloak)
rCorr   .            (no gloves)
SInv    +            (no barding)
Will    .....        (no amulet)
Stlth   ++           i - ring of protection from fire
HPRegen 0.30/turn    h - +4 ring of slaying {mikee}
MPRegen 0.10/turn

%: no passive effects
@: about to teleport, short of breath, very slow
A: AC +2, large, see invisible, deformed body, poison resistance, slowness 2,
spit poison 1, naga tail 1
a: Spit Poison


You were on level 6 of the Dungeon.
You visited 1 branch of the dungeon, and saw 6 of its levels.

You collected 322 gold pieces.


Innate Abilities, Weirdness & Mutations

Your serpentine skin is tough. (AC +2)
You have supernaturally acute eyesight. (SInv)
Armour fits poorly on your strangely shaped body.
Your system is resistant to poisons. (rPois)
You cover ground very slowly.
You can spit poison.
You have a snake-like lower body.


   Skills:
 - Level 4.0 Fighting
 + Level 7.8 Ranged Weapons
 - Level 1.5 Dodging
 - Level 1.5 Stealth


You had 6 spell levels left.
You didn't know any spells.
Your spell library was empty.

Inventory:

Hand Weapons
 Y - a +1 shortbow (weapon)
Armour
 c - a +0 leather armour (worn)
Jewellery
 g - a +6 ring of strength
 h - a +4 ring of slaying (right hand) {mikee}
 i - a ring of protection from fire (left hand)
 k - a ring of ice
Scrolls
 e - 2 scrolls of identify
 m - a scroll of immolation {unknown}
Potions
 b - a potion of cancellation
 d - a potion of might {unknown}
 f - a potion of lignification {unknown}
 j - a potion of curing
 l - a potion of brilliance {unknown}
 q - a potion of haste {unknown}

Dungeon Overview and Level Annotations

Branches:
Dungeon (6/15)
 Temple: D:4-7

Altars:
Cheibriados
Makhleb
Sif Muna
Zin

Shops:
D:1 :


Message History

The bullfrog is severely wounded.
The bullfrog barely misses you.
An orc comes into view. It is wielding a +0 hand axe.
The bullfrog hits you but does no damage.
You shoot an arrow. The arrow hits the bullfrog.
The bullfrog is severely wounded.
The bullfrog hits you.
You shoot an arrow. The arrow barely misses the bullfrog.
The arrow hits the orc.
The orc is severely wounded.
You hear a shout!
The bullfrog hits you.
The bullfrog hits you but does no damage.
You hear a howl!
You shoot an arrow. The arrow hits the bullfrog!
You kill the bullfrog!
You have got your breath back.
You feel your strength returning.
4415 ||| INVOKING Spit Poison.
Aiming: Spit Poison (1% risk of failure)
Press: ? - help, Shift-Dir - straight line, f - orc The splash of poison hits the orc but does no damage.
The orc is poisoned.
The orc is severely wounded.
You kill the orc!
An orc warrior comes into view. It is wielding a +0 trident.
You shoot an arrow. The arrow hits the orc warrior.
The orc warrior is lightly wounded.
A howler monkey comes into view.
You shoot an arrow. The arrow closely misses the iguana.
The arrow hits the orc warrior but does no damage.
The orc warrior is lightly wounded.
The iguana bites you!
The orc warrior hits you from afar with a +0 trident!
4418 ||| READING scroll of teleportation.
As you read the scroll of teleportation, it crumbles to dust.
You feel strangely unstable. The iguana bites you!
The orc warrior hits you from afar with a +0 trident!
You die... ## .. .# .### .oh

#######l#
#.....@.#
#####.###
#.# ##.##
#.# #...##
#.#
##.#..####
#.#
#.%.......
#.#
#.###.###.#
#)# #.# .#
#.# #.# #.#
#.###.###<#


You could see an orc warrior, a howler monkey and an iguana.

Vanquished Creatures
  An ice beast (D:5)
  A bullfrog (D:6)
  4 scorpions
  A howler monkey (D:5)
  2 hounds
  3 iguanas
  An orc wizard (D:6)
  5 adders
  A worm (D:2)
  A dart slug (D:2)
  4 orcs
  7 bats
  6 endoplasms
  4 giant cockroaches
  9 goblins
  6 hobgoblins
  6 jackals (D:2)
  8 kobolds
  2 quokkas
  8 ball pythons
  3 frilled lizards
  7 rats
90 creatures vanquished.

Notes
Turn   | Place    | Note
-------+----------+-------------------------------------------
     0 | D:1      | qw the Naga Hunter began the quest for the Orb.
     0 | D:1      | Reached XP level 1. HP: 19/19 MP: 1/1
     0 | D:1      | 0 ||| qw: Version: 0.2-a-29-g511e9b1
     0 | D:1      | 0 ||| qw: Game counter: 5870
     0 | D:1      | 0 ||| qw: Always use a shield: true
     0 | D:1      | 0 ||| qw: God list: Okawaru
     0 | D:1      | 0 ||| qw: Allow faded altars: false
     0 | D:1      | 0 ||| qw: Do Orc after D:15 true
     0 | D:1      | 0 ||| qw: Do second Lair branch before Depths: true
     0 | D:1      | 0 ||| qw: Lair rune preference: random
     0 | D:1      | 0 ||| qw: Plans: Normal
     0 | D:1      | 0 ||| PLANNING D:1-11
    12 | D:1      | 12 ||| INVOKING Spit Poison.
    31 | D:1      | 31 ||| INVOKING Spit Poison.
    32 | D:1      | 32 ||| INVOKING Spit Poison.
    63 | D:1      | 63 ||| INVOKING Spit Poison.
    67 | D:1      | 67 ||| INVOKING Spit Poison.
    73 | D:1      | 73 ||| INVOKING Spit Poison.
    78 | D:1      | Reached skill level 4 in Ranged Weapons
    78 | D:1      | Reached XP level 2. HP: 26/26 MP: 2/2
   119 | D:1      | 119 ||| INVOKING Spit Poison.
   126 | D:1      | Found Bor Dio's Book Boutique.
   224 | D:1      | 224 ||| INVOKING Spit Poison.
   284 | D:1      | 284 ||| INVOKING Spit Poison.
   314 | D:1      | 314 ||| INVOKING Spit Poison.
   319 | D:1      | 319 ||| INVOKING Spit Poison.
   403 | D:1      | 403 ||| INVOKING Spit Poison.
   626 | D:1      | 626 ||| DROPPING +6 ring of intelligence.
   627 | D:1      | 627 ||| UPGRADING to ring of protection from fire.
   628 | D:1      | 628 ||| READING 2 scrolls labelled CICUIGH TAXOIGUDOL.
   633 | D:1      | 633 ||| DROPPING scroll of butterflies.
   671 | D:2      | 671 ||| INVOKING Spit Poison.
   675 | D:2      | 675 ||| STAIRDANCE
   677 | D:1      | 677 ||| INVOKING Spit Poison.
   678 | D:1      | Reached XP level 3. HP: 25/32 MP: 3/3
   682 | D:1      | 682 ||| INVOKING Spit Poison.
   710 | D:2      | 710 ||| INVOKING Spit Poison.
   711 | D:2      | 711 ||| STAIRDANCE
   745 | D:2      | 745 ||| STAIRDANCE
   780 | D:2      | 780 ||| INVOKING Spit Poison.
   786 | D:2      | 786 ||| INVOKING Spit Poison.
   807 | D:2      | 807 ||| INVOKING Spit Poison.
   812 | D:2      | 812 ||| INVOKING Spit Poison.
   869 | D:2      | 869 ||| INVOKING Spit Poison.
   872 | D:2      | 872 ||| INVOKING Spit Poison.
   876 | D:2      | 876 ||| INVOKING Spit Poison.
   883 | D:2      | 883 ||| INVOKING Spit Poison.
   913 | D:2      | 913 ||| INVOKING Spit Poison.
   933 | D:2      | 933 ||| INVOKING Spit Poison.
   936 | D:2      | 936 ||| INVOKING Spit Poison.
   937 | D:2      | 937 ||| INVOKING Spit Poison.
  1079 | D:2      | 1079 ||| INVOKING Spit Poison.
  1085 | D:2      | 1085 ||| INVOKING Spit Poison.
  1090 | D:2      | Reached skill level 5 in Ranged Weapons
  1090 | D:2      | Reached XP level 4. HP: 33/39 MP: 4/4
  1140 | D:2      | 1140 ||| INVOKING Spit Poison.
  1171 | D:2      | 1171 ||| INVOKING Spit Poison.
  1219 | D:2      | 1219 ||| INVOKING Spit Poison.
  1223 | D:2      | 1223 ||| INVOKING Spit Poison.
  1249 | D:2      | 1249 ||| INVOKING Spit Poison.
  1479 | D:2      | 1479 ||| READING scroll labelled TUHILA ESETZ.
  1480 | D:2      | 1480 ||| READING scroll labelled FERAS UGETAU.
  1578 | D:3      | Found a glowing silver altar of Zin.
  1580 | D:3      | Found a snail-covered altar of Cheibriados.
  1706 | D:3      | 1706 ||| INVOKING Spit Poison.
  1807 | D:3      | 1807 ||| INVOKING Spit Poison.
  1939 | D:3      | Found a burning altar of Makhleb.
  1941 | D:3      | Found a shimmering blue altar of Sif Muna.
  1993 | D:3      | 1993 ||| INVOKING Spit Poison.
  2053 | D:3      | 2053 ||| INVOKING Spit Poison.
  2165 | D:3      | 2165 ||| INVOKING Spit Poison.
  2345 | D:3      | 2345 ||| UPGRADING to +4 ring of slaying {mikee}.
  2346 | D:3      | 2346 ||| READING 3 scrolls labelled HESOURETUR.
  2347 | D:3      | 2347 ||| READING 2 scrolls of identify.
  2347 | D:3      | 2347 ||| IDENTIFYING lumpy golden potion
  2348 | D:3      | 2348 ||| DROPPING potion of ambrosia.
  2429 | D:4      | Noticed a scorpion
  2431 | D:4      | 2431 ||| INVOKING Spit Poison.
  2431 | D:4      | Killed a scorpion
  2432 | D:4      | Reached skill level 3 in Fighting
  2432 | D:4      | Reached XP level 5. HP: 50/50 MP: 5/5
  2489 | D:4      | 2489 ||| STAIRDANCE
  2680 | D:4      | 2680 ||| INVOKING Spit Poison.
  2683 | D:4      | 2683 ||| INVOKING Spit Poison.
  2735 | D:4      | 2735 ||| INVOKING Spit Poison.
  2750 | D:4      | 2750 ||| INVOKING Spit Poison.
  2755 | D:4      | 2755 ||| INVOKING Spit Poison.
  2788 | D:4      | 2788 ||| INVOKING Spit Poison.
  3017 | D:4      | 3017 ||| READING scroll labelled JOIGESU PEOSO.
  3024 | D:4      | 3024 ||| STAIRDANCE
  3168 | D:4      | 3168 ||| INVOKING Spit Poison.
  3169 | D:4      | Reached XP level 6. HP: 57/57 MP: 6/6
  3189 | D:4      | 3189 ||| INVOKING Spit Poison.
  3193 | D:4      | 3193 ||| INVOKING Spit Poison.
  3210 | D:4      | 3210 ||| INVOKING Spit Poison.
  3215 | D:4      | 3215 ||| INVOKING Spit Poison.
  3218 | D:4      | 3218 ||| INVOKING Spit Poison.
  3219 | D:4      | Reached skill level 6 in Ranged Weapons
  3311 | D:4      | 3311 ||| INVOKING Spit Poison.
  3337 | D:4      | 3337 ||| INVOKING Spit Poison.
  3344 | D:4      | 3344 ||| INVOKING Spit Poison.
  3352 | D:4      | 3352 ||| DRINKING 2 red potions.
  3409 | D:5      | Entered Level 5 of the Dungeon
  3493 | D:5      | 3493 ||| INVOKING Spit Poison.
  3496 | D:5      | 3496 ||| INVOKING Spit Poison.
  3541 | D:5      | Noticed an ice beast
  3549 | D:5      | HP: 8/57 [ice beast (9)]
  3550 | D:5      | 3550 ||| READING 2 scrolls of teleportation.
  3551 | D:5      | 3551 ||| DRINKING potion of heal wounds.
  3553 | D:5      | Killed an ice beast
  3897 | D:5      | 3897 ||| INVOKING Spit Poison.
  3900 | D:5      | 3900 ||| INVOKING Spit Poison.
  3904 | D:5      | 3904 ||| INVOKING Spit Poison.
  3908 | D:5      | 3908 ||| INVOKING Spit Poison.
  3909 | D:5      | Reached XP level 7. HP: 41/64 MP: 7/7
  3995 | D:5      | 3995 ||| INVOKING Spit Poison.
  4034 | D:5      | Reached skill level 7 in Ranged Weapons
  4145 | D:5      | 4145 ||| INVOKING Spit Poison.
  4152 | D:5      | 4152 ||| DROPPING ring of wizardry.
  4153 | D:5      | 4153 ||| READING scroll labelled BOFYOT VEFIQO.
  4154 | D:5      | 4154 ||| READING scroll labelled FUOXZAA CEMNO.
  4155 | D:5      | 4155 ||| DRINKING 2 viscous grey potions.
  4156 | D:5      | 4156 ||| DRINKING 2 fizzy emerald potions.
  4157 | D:5      | 4157 ||| DRINKING 2 clear potions.
  4158 | D:5      | 4158 ||| READING 2 scrolls of identify.
  4158 | D:5      | 4158 ||| IDENTIFYING bubbling inky potion
  4159 | D:5      | 4159 ||| DROPPING potion of enlightenment.
  4160 | D:5      | 4160 ||| DROPPING potion of degeneration.
  4174 | D:6      | 4174 ||| INVOKING Spit Poison.
  4207 | D:6      | Identified the +10 dagger of Owem Caxt {pain, rN++ Stlth+}
  4252 | D:6      | 4252 ||| INVOKING Spit Poison.
  4256 | D:6      | 4256 ||| INVOKING Spit Poison.
  4263 | D:6      | 4263 ||| INVOKING Spit Poison.
  4408 | D:6      | 4408 ||| INVOKING Spit Poison.
  4415 | D:6      | 4415 ||| INVOKING Spit Poison.
  4417 | D:6      | HP: 13/64 [orc warrior/+0 trident (16)]
  4418 | D:6      | 4418 ||| READING scroll of teleportation.
  4418 | D:6      | HP: 5/64 [iguana (8)]
  4418 | D:6      | Mangled by an orc warrior

Levels and vault maps discovered:
D:1:      lightli_arrival_flooded_house, layout_loops_ring, serial_shops, shop,
          nrook_loot_triangle, nrook_mini_backslash
D:2:      layout_basic
D:3:      layout_basic, nicolae_overflow_hidden_temple, nicolae_hexahallways,
          minmay_misc_feat_hallway, grunt_decor_arrowhead
D:4:      minmay_spotlight, layout_loops_corners
D:5:      layout_basic, kennysheep_path_1
D:6:      layout_loops_ring, temple_doors_e, serial_shops, shop,
          corexii_leaking_fountain, uniq_crazy_yiuf_cottage

Skill      XL: |  1  2  3  4  5  6  7 |
---------------+----------------------+-----
Ranged Weapons | 4 5 6 7 |  7.8
Fighting       | 3 4 |  4.0
Dodging        | |  1.5
Stealth        | |  1.5

Action                     |  1- 3 |  4- 6 |  7- 9 || total
---------------------------+-------+-------+-------++-------
   Fire: Shortbow          |    70 |    72 |    32 ||   174
Ability: Spit Poison       |    28 |    32 |     8 ||    68
    Use: Scroll            |     1 |     6 |     4 ||    11
         Potion            |       |     2 |     3 ||     5
 Armour: Leather armour    |     6 |    10 |     6 ||    22
  Dodge: Dodged            |    21 |    10 |    12 ||    43

Table legend:
 A = Non-vault XP
 B = Vault XP
 C = Vault XP percentage of total XP
 D = Non-vault monster count
 E = Vault monster count
 F = Vault count percentage of total count
                 A         B        C        D         E       F
            +---------+---------+-------+---------+---------+-------
      Total |     954 |      98 |   9.3 |      87 |       3 |   3.3
            +---------+---------+-------+---------+---------+-------
        D:1 |      46 |       0 |   0.0 |      23 |       0 |   0.0
        D:2 |      64 |       0 |   0.0 |      29 |       0 |   0.0
        D:3 |      25 |       0 |   0.0 |       9 |       0 |   0.0
        D:4 |     203 |      98 |  32.6 |      13 |       3 |  18.8
        D:5 |     319 |       0 |   0.0 |       7 |       0 |   0.0
        D:6 |     297 |       0 |   0.0 |       6 |       0 |   0.0
            +---------+---------+-------+---------+---------+-------
